 Dungeon Crawl Stone Soup version 0.28.0 (webtiles) character file.

Game seed: 2472391551606123813

6071 dolemite99 the Cleaver (level 10, -2/81 HPs)
             Began as a Hill Orc Gladiator on Feb 11, 2022.
             Was a High Priest of Hepliaklqana.
             Slain by a manticore (4 damage)
             ... on level 9 of the Dungeon.
             The game lasted 00:12:02 (10294 turns).

dolemite99 the Cleaver (Hill Orc Gladiator)        Turns: 10294, Time: 00:12:03

Health: -2/81      AC: 14    Str: 22    XL:     10   Next: 87%
Magic:  14/14      EV:  9    Int:  8    God:    Hepliaklqana [*****.]
Gold:   844        SH:  0    Dex: 18    Spells: 9/9 levels left

rFire   . . .      SeeInvis .   a - +2 war axe (vamp)
rCold   . . .      Faith    .   (no shield)
rNeg    . . .      Spirit   .   D - +0 chain mail
rPois   .          Reflect  .   c - +2 helmet
rElec   .          Harm     .   (no cloak)
rCorr   .          Rampage  .   (no gloves)
Will    .....                   (no boots)
Stlth   ..........              (no amulet)
HPRegen 0.23/turn               y - +6 ring of dexterity
MPRegen 0.14/turn               (no ring)

@: slowed, very slow
A: reduced essence
a: Renounce Religion, Recall Ancestor, Ancestor Identity, Transference, Idealise


You were on level 9 of the Dungeon.
You worshipped Hepliaklqana.
Hepliaklqana was extremely pleased with you.
You visited 1 branch of the dungeon, and saw 9 of its levels.
You also visited: Sewer and Ossuary.

You collected 844 gold pieces.

Inventory:

Hand Weapons
 a - a +2 vampiric war axe (weapon)
 b - a +0 shortbow
 r - a +1 flail of protection
 v - a +0 trident
 K - a +0 longbow
 L - a +0 hand axe of distortion
 M - a +2 flail of protection
 P - a +0 hunting sling
Missiles
 d - 8 throwing nets (quivered)
 i - 238 stones
 j - 13 poisoned darts
 l - 102 bolts
 q - 5 boomerangs of dispersal
 G - 149 arrows
 H - 11 boomerangs
 N - 85 sling bullets
 Q - 6 silver javelins
Armour
 c - a +2 helmet (worn)
 C - a +0 ring mail
 D - a +0 chain mail (worn)
 F - a +0 leather armour
 S - a scarf of invisibility
Magical Staves
 O - a staff of air
Jewellery
 y - a +6 ring of dexterity (left hand)
 T - a ring of see invisible
Wands
 I - a wand of polymorph (7)
 J - a wand of iceblast (11)
 U - a wand of digging (5)
Scrolls
 f - 2 scrolls of enchant armour
 g - 2 scrolls of blinking
 h - 3 scrolls of fog
 o - 4 scrolls of amnesia
 s - 6 scrolls of teleportation
 w - 3 scrolls of summoning
 W - a scroll of identify {@r1}
Potions
 e - 10 potions of curing
 m - 3 potions of lignification
 n - 3 potions of brilliance
 p - a potion of haste {unknown}
 t - 5 potions of attraction
 u - 2 potions of berserk rage {unknown}
 x - a potion of ambrosia {unknown}
 z - 2 potions of magic
 A - 2 potions of resistance {unknown}
 B - 2 potions of might {unknown}
 E - a potion of flight {unknown}
 R - a potion of cancellation {unknown}
 V - a potion of mutation {unknown}


   Skills:
 - Level 8.9 Fighting
 - Level 14.0 Axes
 - Level 1.7 Throwing
 - Level 9.5 Armour
 - Level 2.4 Dodging
 + Level 5.9 Invocations


You had 9 spell levels left.
You didn't know any spells.
Your spell library contained the following spells:

 Spells                   Type           Power      Damage    Failure   Level
 Animate Skeleton         Necr           0%         N/A       95%         1
 Pain                     Necr           0%         1d4       95%         1
 Gell's Gravitas          Tloc           0%         N/A       100%        3
 Lesser Beckoning         Tloc           0%         N/A       100%        3
 Teleport Other           Tloc           0%         N/A       100%        3
 Vampiric Draining        Necr           0%         2d6       100%        3
 Summon Ice Beast         Ice/Summ       0%         N/A       100%        4
 Summon Forest            Summ/Tloc      0%         N/A       100%        5
 Summon Mana Viper        Hex/Summ       0%         N/A       100%        5
 Summon Cactus Giant      Summ           0%         N/A       100%        6
 Monstrous Menagerie      Summ           0%         N/A       100%        7


Dungeon Overview and Level Annotations

Branches:
Dungeon (9/15)             Temple (0/1) D:4           Sewer (visited)
Ossuary (visited)
   Lair: D:8-11         Orc: D:9-12

Altars:
Cheibriados
Elyvilon
Fedhas
Hepliaklqana
Kikubaaqudgha
Ru
Sif Muna
Xom
The Shining One


Message History

You are too injured to fight recklessly!
You are too injured to fight recklessly!
You are too injured to fight recklessly!
You are too injured to fight recklessly!
You are too injured to fight recklessly!
Unknown command.
You feel much better. The wraith hits you! The manticore bites you!
The manticore claws you but does no damage. x2
The wraith barely misses you.
You feel a sense of dread.
a - a +2 vampiric war axe (weapon)
The manticore misses you.
The manticore claws you but does no damage. x2
You hit the manticore.
The manticore is lightly wounded.
You closely miss the wraith. The wraith hits you but does no damage.
The manticore bites you! The manticore barely misses you. x2
The wraith closely misses you.
You slash the manticore!
You feel better.
The manticore is moderately wounded.
You slash the wraith! The manticore bites you!
The manticore closely misses you.
The manticore claws you but does no damage.
The wraith hits you but does no damage.
You slash the manticore!
You feel better.
The manticore is heavily wounded.
You slash the wraith! The manticore closely misses you.
The manticore misses you. The manticore claws you!
* * * LOW HITPOINT WARNING * * *
The wraith hits you!
* * * LOW HITPOINT WARNING * * *
The wraith drains your vigour!
You feel as though you will be slow longer.
You hit the manticore.
You feel better.
The manticore is heavily wounded.
You hit the wraith. The manticore bites you!
* * * LOW HITPOINT WARNING * * *
The manticore claws you but does no damage.
The manticore claws you.
You die...

... .<. ... #.#
#(# #S# #y## #WH#
##@## #...# #...#
#...# ##.## #.# #
##.## #####
...###...###...###
.P....._.....P...#


You could see a manticore, a wraith, a water moccasin and a vampire mosquito.

Vanquished Creatures
  7 yaks
  A wyvern (D:7)
  2 vampire mosquitoes (D:9)
  Edmund (D:6)
  An orc warrior (D:6)
  An ice beast (D:5)
  A centaur (D:8)
  A phantom (D:4)
  A wyvern zombie (D:6)
  A scorpion (D:6)
  A killer bee (D:8)
  2 centaur zombies
  2 jellies (D:6)
  An orc priest (D:6)
  An iguana (D:6)
  An orc wizard (D:4)
  2 hound skeletons (D:5)
  A mummy (Ossuary)
  3 gnolls
  2 adders
  A shadow imp (D:5)
  A white imp (D:7)
  An ufetubus (D:5)
  A worm (D:4)
  2 dart slugs
  19 orcs
  4 ball pythons
  5 bats
  5 endoplasms
  7 giant cockroaches
  6 goblins
  2 hobgoblins
  6 jackals
  4 quokkas
  4 frilled lizards
  5 gnoll skeletons (Ossuary)
  9 kobolds
  6 kobold skeletons (Ossuary)
  7 orc skeletons (Ossuary)
  4 rats
132 creatures vanquished.

Vanquished Creatures (collateral kills)
  Harold (D:7)
  A wraith (Ossuary)
  2 wyverns
  4 yaks
  A vampire mosquito (D:9)
  A water moccasin (D:8)
  A hornet zombie (D:8)
  A sky beast (D:7)
  A necrophage (D:7)
  An ogre (D:4)
  A centaur (D:4)
  A phantom (D:4)
  A kobold brigand (D:8)
  4 bullfrogs
  Blork the orc (D:5)
  2 scorpions
  A wyvern skeleton (D:7)
  2 killer bees (D:8)
  A centaur zombie (D:7)
  3 centaur skeletons (D:7)
  An orc priest (D:8)
  2 hounds
  3 iguanas
  Ijyb (D:5)
  A gnoll shaman (D:7)
  4 orc wizards
  4 gnolls
  7 adders
  A river rat (D:3)
  2 white imps
  A worm (D:3)
  8 orcs
  7 ball pythons
  5 giant cockroaches
  2 goblins
  5 hobgoblins
  3 jackals
  4 kobolds
  10 quokkas
  3 bats
  5 frilled lizards
  2 gnoll skeletons (Ossuary)
  4 kobold skeletons (Ossuary)
  An orc skeleton (Ossuary)
  2 rats (D:2)
119 creatures vanquished.

Vanquished Creatures (others)
  8 battlemagi
  An ancestor (D:1)
  A plant (D:9)
10 creatures vanquished.

Grand Total: 261 creatures vanquished

Notes
Turn   | Place    | Note
-------+----------+-------------------------------------------
     0 | D:1      | dolemite99 the Hill Orc Gladiator began the quest for the
                  | Orb.
     0 | D:1      | Reached XP level 1. HP: 18/18 MP: 1/1
   227 | D:1      | Found a faded altar of an unknown god.
   232 | D:1      | Reached XP level 2. HP: 23/25 MP: 2/2
   237 | D:1      | Prayed at the altar of an unknown god.
   237 | D:1      | Became a worshipper of Hepliaklqana the Forgotten
   237 | D:1      | Reached * piety under Hepliaklqana
   428 | D:1      | Reached skill level 5 in Axes
   626 | D:1      | Reached XP level 3. HP: 27/27 MP: 3/3
  1638 | D:2      | Reached skill level 6 in Axes
  1809 | D:2      | Reached ** piety under Hepliaklqana
  1810 | D:2      | Remembered your ancestor Keminub as a battlemage
  1909 | D:2      | Reached XP level 4. HP: 33/33 MP: 4/4
  2405 | D:2      | Reached skill level 7 in Axes
  2939 | D:3      | Found a snail-covered altar of Cheibriados.
  3068 | D:3      | Found a glowing drain.
  3073 | D:3      | Reached XP level 5. HP: 29/37 MP: 5/5
  3089 | Sewer    | Entered a sewer
  3429 | Sewer    | Reached skill level 8 in Axes
  3429 | Sewer    | Reached XP level 6. HP: 45/45 MP: 6/6
  3432 | Sewer    | Reached skill level 9 in Axes
  3689 | D:3      | Found a shimmering altar of Xom.
  3903 | D:3      | Reached *** piety under Hepliaklqana
  4019 | D:4      | Found a sand-covered staircase.
  4023 | Ossuary  | Entered an ossuary
  4023 | Ossuary  | Noticed a wraith
  4023 | Ossuary  | Noticed a wraith
  4023 | Ossuary  | Noticed a wraith
  4126 | Ossuary  | Noticed a wraith
  4137 | Ossuary  | Killed a wraith
  4138 | Ossuary  | Reached skill level 10 in Axes
  4138 | Ossuary  | Reached XP level 7. HP: 46/50 MP: 7/7
  4618 | D:4      | Found a staircase to the Ecumenical Temple.
  4630 | D:4      | Reached skill level 11 in Axes
  4959 | D:4      | Found an ancient bone altar of Kikubaaqudgha.
  4971 | D:4      | Reached skill level 12 in Axes
  4971 | D:4      | Reached XP level 8. HP: 50/55 MP: 8/8
  5536 | D:4      | Identified the +7 dagger "Gumum" {vamp, Fly Str-2 Dex+3}
  5622 | D:5      | Entered Level 5 of the Dungeon
  5635 | D:5      | Found a sacrificial altar of Ru.
  5716 | D:5      | Noticed Blork the orc
  5722 | D:5      | Killed Blork the orc
  5788 | D:5      | Found a glowing golden altar of the Shining One.
  5790 | D:5      | Found a shimmering blue altar of Sif Muna.
  5922 | D:5      | Reached **** piety under Hepliaklqana
  5985 | D:5      | Reached skill level 5 in Armour
  5985 | D:5      | Noticed Ijyb
  5988 | D:5      | Killed Ijyb
  6126 | D:5      | Found a blossoming altar of Fedhas.
  6242 | D:5      | Noticed a yak
  6242 | D:5      | Noticed a yak
  6249 | D:5      | Noticed a yak
  6250 | D:5      | Noticed a yak
  6252 | D:5      | Killed a yak
  6253 | D:5      | Noticed a yak
  6254 | D:5      | Noticed a yak
  6273 | D:5      | Killed a yak
  6286 | D:5      | Killed a yak
  6286 | D:5      | Killed a yak
  6287 | D:5      | Reached skill level 5 in Fighting
  6287 | D:5      | Reached XP level 9. HP: 49/66 MP: 9/9
  7289 | D:6      | Noticed Edmund
  7318 | D:6      | Killed Edmund
  7319 | D:6      | Reached XP level 10. HP: 64/79 MP: 10/10
  7632 | D:6      | Found a hazy altar of Hepliaklqana.
  8304 | D:7      | Noticed Harold
  8318 | D:7      | Killed Harold
  8319 | D:7      | Reached skill level 13 in Axes
  8705 | D:7      | Reached skill level 14 in Axes
  9477 | D:8      | Reached ***** piety under Hepliaklqana
  9679 | D:8      | Reached skill level 1 in Invocations
 10225 | D:9      | Found a white marble altar of Elyvilon.
 10276 | D:9      | Noticed a manticore
 10279 | D:9      | Reached skill level 5 in Invocations
 10294 | D:9      | HP: 2/81 [manticore (15)]
 10294 | D:9      | Slain by a manticore

Illustrated notes

Levels and vault maps discovered:
D:1:      scummos_arrival_simple_fountains, layout_basic,
          hellmonk_ecumenical_altar_blasted
D:2:      minmay_diamond_boxcup, layout_basic, corexii_item_surrounded_by_moat
D:3:      layout_basic, old_standard_altar, mainiacjoe_overflow_boulevard,
          portal_sewer_entry_a
D:4:      layout_cave_pools, amcnicky_altar_gilded,
          minmay_temple_entry_drinking_statues,
          lightli_ossuary_entry_decrepit_ruins, serial_co_window_serial,
          co_window_paths_b, co_window_paths_a, co_window_paths_b,
          co_window_paths_b, co_window_paths_a, co_window_paths_a,
          co_window_paths_a, co_window_corner_a, co_window_of_opportunity_a,
          co_window_broadway_a, co_window_broadway_c, co_window_broadway_c,
          glass_columns_a, glass_columns_c, glass_columns_b
D:5:      layout_rooms, mainiacjoe_overflow_paths, fedhas_altar_fruit_tree,
          mainiacjoe_overflow_catwalk, led_sif_book, uniq_blork_the_orc,
          uniq_ijyb
D:6:      layout_cave_pods, kennysheep_mini_moat, amcnicky_mini_pool_small,
          uniq_edmund
D:7:      layout_loops_ring, uniq_harold
D:8:      layout_cave_pods
D:9:      layout_rooms, elyvilon_altar_1, bloody_makhleb

Skill      XL: |  1  2  3  4  5  6  7  8  9 10 |
---------------+-------------------------------+-----
Axes           | 5 6 7 8 10 12 14 | 14.0
Armour         | 6 8 9 |  9.5
Fighting       | 5 8 |  8.9
Invocations    | 5 |  5.9
Throwing       | |  1.7
Dodging        | |  2.4

Action                   |  1- 3 |  4- 6 |  7- 9 | 10-12 || total
-------------------------+-------+-------+-------+-------++-------
Melee: War axe           |    90 |    89 |   102 |    23 ||   304
       Punch             |     1 |       |       |       ||     1
 Fire: Shortbow          |       |       |   118 |   141 ||   259
Invok: Ancestor Life: Ba |     1 |       |       |       ||     1
       Recall Ancestor   |       |       |     3 |       ||     3
  Use: Scroll            |       |     7 |     8 |     7 ||    22
       Potion            |       |       |     1 |     1 ||     2
 Stab: Sleeping          |     1 |       |       |       ||     1
       Distracted        |       |     1 |     4 |     1 ||     6
       Invisible         |       |       |     1 |       ||     1
Armor: Leather armour    |    40 |    29 |     7 |       ||    76
       Chain mail        |       |       |    55 |    39 ||    94
       Ring mail         |       |       |     3 |       ||     3
Dodge: Dodged            |    85 |    78 |    52 |    50 ||   265
